 Dungeon Sprint DCSS version 0.28-a0-794-gafe8c5f9e9 (webtiles) character file.

Game seed: 9410808956832886787

90 mhtbhm the Skirmisher (level 4, -1/48 HPs)
             Began as a Gargoyle Fighter on Nov 6, 2021.
             Was an Initiate of Okawaru.
             Slain by a two-headed ogre (22 damage)
             ... in the Dungeon (Sprint IX: "|||||||||||||||||||||||||||||").
             The game lasted 00:00:36 (235 turns).

mhtbhm the Skirmisher (Gargoyle Fighter)             Turns: 235, Time: 00:00:36

Health: -1/48      AC: 19    Str: 21    XL:     4   Next: 56%
Magic:  4/4        EV:  8    Int:  8    God:    Okawaru [......]
Gold:   0          SH:  5    Dex:  9    Spells: 3/3 levels left

rFire   . . .      SeeInvis .   a - +0 flail
rCold   . . .      Faith    .   c - +0 buckler
rNeg    + . .      Spirit   .   b - +1 chain mail
rPois   ∞          Reflect  .   o - +0 helmet
rElec   +          Harm     .   (no cloak)
rCorr   .          Rampage  .   (no gloves)
Will    .....      NoTele   +   (no boots)
Stlth   ..........              (no amulet)
HPRegen 0.16/turn               p - +2 ring of protection
MPRegen 0.09/turn               q - +2 ring of protection

@: berserking, very quick
A: sickness immunity, AC +3, negative energy resistance 1, electricity
resistance, torment resistance 1, petrification resistance
a: Renounce Religion


You were in the Dungeon.
You worshipped Okawaru.
Okawaru was noncommittal.
You visited 1 branch

Inventory:

Hand Weapons
 a - a +0 flail (weapon)
Armour
 b - a +1 chain mail (worn)
 c - a +0 buckler (worn)
 n - a +0 pair of gloves
 o - a +0 helmet (worn)
Jewellery
 p - a +2 ring of protection (left hand)
 q - a +2 ring of protection (right hand)
Wands
 m - a wand of acid (10)
Scrolls
 j - 2 scrolls of blinking
 l - 2 scrolls of amnesia
Potions
 d - a potion of might
 e - 5 potions of curing
 f - 3 potions of heal wounds
 g - a potion of haste
 h - 4 potions of magic
 k - a potion of invisibility


   Skills:
 + Level 5.8 Fighting
 + Level 4.9 Maces & Flails
 + Level 5.1 Armour
 + Level 0.4 Dodging
 + Level 5.7 Shields


You had 3 spell levels left.
You didn't know any spells.
Your spell library was empty.

Dungeon Overview and Level Annotations

Branches:
Dungeon (1/1)

Altars:
Cheibriados
Dithmenos
Elyvilon
Fedhas
Gozag
Hepliaklqana
Kikubaaqudgha
Makhleb
Nemelex Xobeh
Okawaru
Qazlal
Ru
Sif Muna
Trog
Uskayaw
Vehumet
Wu Jian
Xom
Yredelemnul
Zin
The Shining One
Beogh
Jiyva
Lugonu


Innate Abilities, Weirdness & Mutations

You are immune to sickness and miasma.
Your stone body is resilient. (AC +3)
You are immune to poison.
You resist negative energy. (rN+)
You are resistant to electric shocks. (rElec)
You are resistant to unholy torment.
You are immune to petrification.


Message History

You see here a +1 chain mail.
b - a +1 chain mail You start putting on your armour.
You continue putting on your +1 chain mail. x4
You finish putting on your +1 chain mail.
Things that are here:
a +0 scale mail; a +0 helmet
o - a +0 helmet You start putting on your armour.
You continue putting on your +0 helmet. x4
You finish putting on your +0 helmet.
p - a +2 ring of protection
q - a +2 ring of protection
p - a +2 ring of protection (left hand)
q - a +2 ring of protection (right hand)
You start waiting.
Done waiting.
You open the door.
A wyvern, an orc warrior, a centaur, a two-headed ogre and 2 trolls come into view.
The troll shouts!
The wyvern hisses angrily.
The troll shouts!
The two-headed ogre shouts in stereo!
The orc warrior shouts!
Unknown command.
A red film seems to cover your vision as you go berserk!
You feel yourself moving faster!
You feel mighty!
The orc warrior hits you with a +0 battleaxe!
You closely miss the orc warrior.
The orc warrior hits you but does no damage.
You sock the orc warrior!
The orc warrior is moderately wounded.
You hit the two-headed ogre.
The two-headed ogre is lightly wounded.
You hit the two-headed ogre.
The two-headed ogre is moderately wounded.
You block the two-headed ogre's attack.
The two-headed ogre completely misses you.
You sock the two-headed ogre!
The two-headed ogre is moderately wounded.
You sock the two-headed ogre!
The two-headed ogre is heavily wounded.
The two-headed ogre hits you with a +0 giant club!! x2
You die...

▓.▓
▓T▓
▓c▓
▓l▓
▓T▓
▓o▓
▓O▓
▓@▓
▓.▓
▓.▓
▓[▓
▓.▓
▓.▓
▓)▓
▓.▓
▓.▓


You could see a two-headed ogre, 2 trolls, an orc warrior, a wyvern and a
centaur.

Vanquished Creatures
  A scorpion (D)
  2 adders (D)
  An adder skeleton (D)
  An orc (D)
  2 jackals (D)
  A ball python (D)
  A frilled lizard (D)
  A kobold (D)
10 creatures vanquished.

Notes
Turn   | Place    | Note
-------+----------+-------------------------------------------
     0 | D        | mhtbhm the Gargoyle Fighter began the quest for the Orb.
     0 | D        | Reached XP level 1. HP: 14/14 MP: 1/1
    25 | D        | Noticed a scorpion
    34 | D        | Reached XP level 2. HP: 20/20 MP: 2/2
    37 | D        | Killed a scorpion
    38 | D        | Reached skill level 5 in Fighting
    38 | D        | Reached skill level 5 in Armour
    38 | D        | Reached skill level 5 in Shields
    38 | D        | Reached XP level 3. HP: 27/27 MP: 3/3
    38 | D        | Reached XP level 4. HP: 32/32 MP: 4/4
    55 | D        | Found a snail-covered altar of Cheibriados.
    55 | D        | Found a shadowy altar of Dithmenos.
    55 | D        | Found a white marble altar of Elyvilon.
    55 | D        | Found a blossoming altar of Fedhas.
    55 | D        | Found an opulent altar of Gozag.
    56 | D        | Found a hazy altar of Hepliaklqana.
    57 | D        | Found a viscous altar of Jiyva.
    58 | D        | Found an ancient bone altar of Kikubaaqudgha.
    59 | D        | Found a corrupted altar of Lugonu.
    60 | D        | Found a burning altar of Makhleb.
    61 | D        | Found a sparkling altar of Nemelex Xobeh.
    62 | D        | Found an iron altar of Okawaru.
    63 | D        | Found a stormy altar of Qazlal.
    64 | D        | Found a sacrificial altar of Ru.
    65 | D        | Found a shimmering blue altar of Sif Muna.
    66 | D        | Found a bloodstained altar of Trog.
    67 | D        | Found a hide-covered altar of Uskayaw.
    68 | D        | Found a radiant altar of Vehumet.
    69 | D        | Found an ornate altar of the Wu Jian Council.
    70 | D        | Became a worshipper of Warmaster Okawaru
    71 | D        | Found a shimmering altar of Xom.
    72 | D        | Found a basalt altar of Yredelemnul.
    73 | D        | Found a glowing silver altar of Zin.
    74 | D        | Found a glowing golden altar of the Shining One.
   228 | D        | Noticed a troll
   228 | D        | Noticed a centaur
   228 | D        | Noticed a wyvern
   228 | D        | Noticed a troll
   228 | D        | Noticed a two-headed ogre
   228 | D        | Noticed an orc warrior
   235 | D        | Slain by a two-headed ogre

Illustrated notes

Levels and vault maps discovered:
D:        linesprint [early_d, line_temple, items_1, d_10, items_2, lair_1,
          lair_end, items_3, orc_1, orc_end, items_4, d_15, swamp_1, shoals_1,
          snake_1, spider_1, d_20, vaults_1, items_5, swamp_end, shoals_end,
          snake_end, spider_end, vaults_end, d_27, items_6, zot_1, zot_end,
          crypt_end, forest_end, elf_end, slime_end, tomb_end, abyss_end,
          pan_hell_end]

Skill      XL: |  1  2 |
---------------+-------+-----
Shields        | 4 5 |  5.7
Fighting       | 4 5 |  5.8
Armour         | 4 5 |  5.1
Maces & Flails | 4 |  4.9
Dodging        | |  0.4

Action                   |  1- 3 |  4- 6 || total
-------------------------+-------+-------++-------
Melee: Flail             |    26 |    18 ||    44
  Use: Potion            |       |     1 ||     1
Armor: Scale mail        |    14 |     5 ||    19
       Chain mail        |       |     1 ||     1
Dodge: Dodged            |    13 |     6 ||    19
Block: Buckler           |     9 |     4 ||    13

Table legend: (Time is in decaauts)
 A = Elapsed time spent in this place.
 B = Non-inter-level travel time spent in this place.
 C = Inter-level travel time spent in this place.
 D = Time resting spent in this place.
 E = Time spent auto-exploring this place.
 F = Levels seen in this place.
 G = Mean time per level.
                   A        B        C        D        E       F      G
               +--------+--------+--------+--------+--------+-----+--------+
         Total |    242 |    242 |      0 |    100 |      8 |   1 |  242.0 |
       Dungeon |    242 |    242 |      0 |    100 |      8 |   1 |  242.0 |
               +--------+--------+--------+--------+--------+-----+--------+

Top non-repeatable levels by time:
       D: 242 daAuts
